 Dungeon Crawl Stone Soup version 0.21-a0-356-g45b0a09 (webtiles) character file.

134854 tof the Warrior (level 16, -5/160 HPs)
             Began as a Minotaur Gladiator on Oct 12, 2017.
             Was a High Priest of Wu Jian.
             Slain by a death ooze (8 damage)
             ... on level 4 of the Swamp.
             The game lasted 01:41:31 (31441 turns).

tof the Warrior (Minotaur Gladiator)               Turns: 31441, Time: 01:41:32

Health: -5/160     AC: 29    Str: 20    XL:     16   Next: 63%
Magic:  15/15      EV: 19    Int:  7    God:    Wu Jian [*****.]
Gold:   917        SH:  0    Dex: 22    Spells: 15/15 levels left

rFire    . . .     SeeInvis +   a - +7 quarterstaff (freeze)
rCold    . . .     Gourm    .   (shield currently unavailable)
rNeg     . . .     Faith    .   w - +8 plate armour {MR+}
rPois    +         Spirit   .   c - +0 hat
rElec    +         Reflect  .   B - +0 cloak
rCorr    .         Harm     .   (no gloves)
MR       ++...                  r - +0 pair of boots
Stlth    ..........             I - amulet "Qeek" {+Rage rElec rPois}
HPRegen  0.36/turn              s - +2 ring of dexterity
MPRegen  0.14/turn              v - ring of see invisible

@: lethally poisoned (-5 -> -5), about to teleport, very slightly contaminated,
studying Dodging, very slow
A: retaliatory headbutt, claws 1, horns 2, agile 1, clever 1, mutation
resistance 1, wild magic 1
a: Serpent's Lash, Heavenly Storm, Renounce Religion, Evoke Berserk Rage


You were on level 4 of the Swamp.
You worshipped Wu Jian.
Wu Jian was extremely pleased with you.
You were not hungry.

You visited 5 branches of the dungeon, and saw 28 of its levels.
You visited 1 bazaar.
You also visited: Sewer.

You collected 2715 gold pieces.
You spent 1798 gold pieces at shops.

Inventory:

Hand Weapons
 a - a +7 quarterstaff of freezing (weapon)
 b - a +0 blowgun
 M - a +0 quarterstaff of crushing
 W - a +0 lajatang of flaming
Missiles
 d - 5 throwing nets
 e - 17 javelins (quivered)
 z - 10 poisoned tomahawks
Armour
 c - a +0 hat (worn)
 r - a +0 pair of boots (worn)
 w - a +8 plate armour of magic resistance (worn)
 B - a +0 cloak (worn)
Jewellery
 s - a +2 ring of dexterity (left claw)
 v - a ring of see invisible (right claw)
 C - an uncursed ring of resist corrosion
 I - the amulet "Qeek" (around neck) {+Rage rElec rPois}
   (You bought it in a shop in a bazaar)

   [amulet of rage]

   It insulates you from electricity.
   It protects you from poison.
   It lets you go berserk.
 P - a +4 ring of strength
 U - an uncursed ring of protection from fire
Wands
 E - a wand of flame (48/48)
 L - a wand of iceblast (15/15)
 Z - a wand of digging (24/24)
Scrolls
 j - 11 scrolls of remove curse
 l - 4 scrolls of magic mapping
 n - 2 scrolls of blinking
 q - 7 scrolls of teleportation
 u - 5 scrolls of fear
 y - 3 scrolls of fog
 A - a scroll of brand weapon
 G - 2 scrolls of holy word
 X - a scroll of amnesia
Potions
 i - 8 potions of curing
 k - 2 potions of cancellation
 m - 4 potions of might
 o - 5 potions of agility
 t - 6 potions of haste
 x - 3 potions of ambrosia
 D - 2 potions of invisibility
 Q - 6 potions of degeneration {unknown}
 R - 7 potions of brilliance {unknown}
 T - 2 potions of heal wounds
 V - 2 potions of flight
Books
 p - a manual of Dodging
Miscellaneous
 O - a phial of floods
Comestibles
 f - 20 bread rations
 h - 10 royal jellies
 K - 20 fruits
 Y - 8 meat rations


   Skills:
 + Level 19.2 Fighting
 - Level 14.0 Staves
 + Level 12.3 Throwing
 + Level 18.1 Armour
 * Level 17.3 Dodging


You had 15 spell levels left.
You didn't know any spells.

Dungeon Overview and Level Annotations

Branches:
Dungeon (15/15)            Temple (1/1) D:4            Lair (6/6) D:8
  Swamp (4/4) Lair:3        Snake (0/4) Lair:4        Slime (0/5) Lair:5
    Orc (2/2) D:12            Elf (0/3) Orc:2        Vaults (0/5) D:14
 Depths (0/5) D:15

Altars:
Dithmenos
Elyvilon
Fedhas
Gozag
Kikubaaqudgha
Makhleb
Nemelex Xobeh
Okawaru
Sif Muna
Trog
Uskayaw
Vehumet
Wu Jian
Xom
Zin
The Shining One
Jiyva

Shops:
D:5 [   D:6 :   D:7 }   D:14 ?   Orc:2 *[}%

Portals:
Trove: D:10 (give +5 fire dragon scales)

Annotations:
D:8 2 transporters


Innate Abilities, Weirdness & Mutations

You reflexively headbutt those who attack you in melee.
You have a pair of horns on your head.
You have sharp fingernails.
You are agile. (Dex +2)
Your mind is acute. (Int +2)
You are somewhat resistant to further mutation.
Your spells are a little harder to cast, but a little more powerful.


Message History

2 slime creatures, an ugly thing, a hell beast, 2 bog bodies and a shadow come into view.
As you read the scroll of teleportation, it crumbles to dust.
You feel strangely unstable.
A slime creature suddenly disappears!
The death ooze jiggles.
The bog body gestures at you while chanting.
You resist with almost no effort.
The purple ugly thing moves out of view.
An ugly thing and a very ugly thing come into view.
You spin and attack the orange demon repeatedly.
Your unstable footing causes you to fumble your attack. x3
A thrashing horror comes into view.
You feel sick.
The thrashing horror roars!
The orange demon barely misses you. The orange demon closely misses you.
Two slime creatures merge to form a large slime creature.
The green very ugly thing basks in the mutagenic energy from its kin and changes!
The death ooze hits you!!
* * * LOW HITPOINT WARNING * * *
The death ooze hits you!
You die...

#♣## ♣# .§J.≈.§
..≈≈≈♣≈ ≈≈≈≈#≈≈
♣## #JJ#. #.φ#
.X# ♣n≈#...♣
.#u≈≈#Wn#J#
#u≈u§.4@J#
≈≈≈≈≈##.≈≈.≈.≈#
#≈#≈ ##.#≈#..♣
≈#≈ #.#≈# ♣ .§
≈≈≈≈≈ ≈ #≈≈≈##
#≈## ##


You could see a purple very ugly thing, 2 ugly things, 2 large slime creatures,
a slime creature, an orange demon, 2 death oozes, a thrashing horror, 2 bog
bodies and a shadow.

Vanquished Creatures
  Jorgrun (Swamp:3)
  A sphinx (D:14)
  2 thorn hunters
  Frances (Swamp:2)
  An azure jelly (Lair:6)
  Louise (Swamp:1)
  An orc warlord (Orc:2)
  2 fire dragons
  13 hydras
  An ice dragon (D:15)
  A centaur warrior (D:15)
  6 alligators
  9 death yaks
  8 two-headed ogres
  5 orc high priests (Orc:2)
  A fire crab (Lair:6)
  2 unseen horrors
  2 spriggan druids (Swamp:4)
  6 swamp dragons
  2 wizards
  A necromancer (D:14)
  5 shambling mangroves
  3 orc knights (Orc:2)
  2 oklob plants (Lair:3)
  2 lindwurms
  10 ugly things
  A wolf spider (D:14)
  A manticore (D:14)
  7 orc sorcerers (Orc:2)
  A faun (D:15)
  2 cyclopes
  9 elephants
  9 black mambas
  A torpor snail (Lair:3)
  3 centaur skeletons
  3 molten gargoyles (Lair:6)
  An orange demon (Swamp:4)
  22 spiny frogs
  2 kobold demonologists (D:14)
  A redback zombie (D:14)
  A tengu conjurer (D:15)
  12 komodo dragons
  3 rime drakes
  5 trolls
  A polar bear (Lair:5)
  6 tyrant leeches
  18 hornets
  24 blink frogs
  7 bog bodies
  4 dream sheep
  5 slime creatures (Swamp:3)
  9 hippogriffs
  A meliai zombie (D:10)
  A vampire (D:12)
  3 shadows
  7 spriggans
  A wraith (D:10)
  Eustachio (D:5)
  4 hogs (D:9)
  17 wyverns
  A human (D:9)
  A hungry ghost (D:12)
  52 yaks
  19 vampire mosquitoes
  7 basilisks
  A steam dragon (D:7)
  A warg (Orc:2)
  Menkaure (D:6)
  20 swamp worms
  2 nagas (Lair:4)
  16 porcupines
  15 insubstantial wisps
  A soldier ant (D:11)
  10 water moccasins
  Duvessa (D:6)
  4 hell hounds (Lair:6)
  3 ice beasts
  8 swamp drakes
  35 orc warriors
  An eye of draining (shapeshifter) (D:13)
  A black bear (D:10)
  2 phantoms
  5 sky beasts
  A necrophage (D:7)
  An eye of draining (D:12)
  3 boggarts (D:15)
  A boggart (shapeshifter) (D:8)
  8 ogres
  6 wolves (Lair:2)
  14 centaurs
  17 crocodiles
  2 big kobolds
  11 bullfrogs
  4 scorpions
  Dowan (D:6)
  2 wyvern skeletons
  3 electric eels
  4 lava snakes (Lair:6)
  2 crimson imps
  A bullfrog zombie (D:8)
  2 centaur zombies
  5 hounds
  Crazy Yiuf (D:4)
  4 bullfrog skeletons
  22 orc priests
  29 orc wizards
  3 iguanas
  Terence (D:2)
  5 worker ants
  Natasha (D:3)
  A killer bee zombie (D:10)
  A hound skeleton (D:7)
  A worker ant zombie (D:6)
  7 gnolls
  9 adders
  2 shadow imps (D:11)
  2 oozes (D:2)
  An adder zombie (D:9)
  4 adder skeletons
  2 worms
  2 dart slugs
  3 leopard geckos
  85 orcs
  12 giant cockroaches
  6 goblins
  10 hobgoblins
  14 jackals
  25 kobolds
  2 quokkas
  5 ball pythons
  6 bats
  5 frilled lizards
  2 jackal skeletons
  13 rats
  3 briar patches (Swamp:3)
  5 plants (Sewer)
871 creatures vanquished.

Vanquished Creatures (others)
  An elephant (Lair:6)
  An orange demon (Swamp:4)
  A spriggan (Swamp:1)
  An orc wizard (Orc:2)
  2 orcs (Orc:2)
  A briar patch (Swamp:3)
  12 fungi
  9 plants
28 creatures vanquished.

Grand Total: 899 creatures vanquished

Notes
Turn   | Place    | Note
-------+----------+-------------------------------------------
     0 | D:1      | tof the Minotaur Gladiator began the quest for the Orb.
     0 | D:1      | Reached XP level 1. HP: 18/18 MP: 0/0
   144 | D:1      | Reached skill level 1 in Armour
   144 | D:1      | Reached XP level 2. HP: 25/25 MP: 1/1
   772 | D:1      | Reached XP level 3. HP: 30/30 MP: 2/2
  1240 | D:2      | Reached XP level 4. HP: 37/37 MP: 3/3
  1249 | D:2      | Reached skill level 3 in Fighting
  1857 | D:2      | Noticed Terence
  1866 | D:2      | Killed Terence
  1973 | D:3      | Reached XP level 5. HP: 34/45 MP: 4/4
  2152 | D:3      | Reached skill level 5 in Staves
  2533 | D:3      | Noticed Natasha
  2537 | D:3      | Killed Natasha
  2975 | D:4      | Found a staircase to the Ecumenical Temple.
  2986 | Temple   | Entered the Ecumenical Temple
  3108 | Temple   | Became a worshipper of the Wu Jian Council
  3224 | D:4      | Found a glowing drain.
  3241 | Sewer    | Entered a sewer
  3340 | Sewer    | Reached XP level 6. HP: 46/51 MP: 5/5
  4134 | D:4      | Reached * piety under Wu Jian
  4506 | D:4      | Reached skill level 4 in Fighting
  4526 | D:4      | Found a runed door.
  4530 | D:4      | Noticed Crazy Yiuf
  4535 | D:4      | Killed Crazy Yiuf
  4701 | D:4      | Reached XP level 7. HP: 59/59 MP: 6/6
  5036 | D:5      | Entered Level 5 of the Dungeon
  5099 | D:5      | Noticed Eustachio
  5120 | D:5      | Killed Eustachio
  5120 | D:5      | Reached skill level 5 in Armour
  5287 | D:5      | Found Aghigh's Antique Armour Shoppe.
  5910 | D:6      | Noticed Menkaure
  5915 | D:6      | Killed Menkaure
  5915 | D:6      | Reached skill level 5 in Dodging
  6094 | D:6      | Reached XP level 8. HP: 65/67 MP: 7/7
  6130 | D:6      | Reached ** piety under Wu Jian
  6130 | D:6      | Reached skill level 5 in Fighting
  6217 | D:6      | Noticed Dowan
  6218 | D:6      | Noticed Duvessa
  6224 | D:6      | Killed Duvessa
  6233 | D:6      | Killed Dowan
  6446 | D:6      | Found Tokaf's Book Emporium.
  7369 | D:7      | Found Laysiqi's Gadget Boutique.
  7494 | D:7      | Reached XP level 9. HP: 63/75 MP: 8/8
  7645 | D:7      | Found a burning altar of Makhleb.
  7794 | D:7      | Reached skill level 6 in Fighting
  7990 | D:8      | Found a transporter.
  8006 | D:8      | Found a transporter.
  8030 | D:8      | Reached skill level 5 in Throwing
  8467 | D:8      | Found a staircase to the Lair.
  8560 | D:8      | Reached XP level 10. HP: 84/84 MP: 9/9
  8579 | D:8      | Reached skill level 10 in Staves
  8643 | D:8      | Reached *** piety under Wu Jian
  8927 | D:8      | Reached skill level 7 in Fighting
  8931 | D:8      | Gained mutation: Your mind is acute. (Int +2) [mutagenic meat]
  9844 | D:9      | Found an opulent altar of Gozag.
  9987 | D:9      | Noticed a two-headed ogre
  9998 | D:9      | Killed a two-headed ogre
  9998 | D:9      | Reached skill level 10 in Armour
 10166 | D:9      | Gained mutation: Your spells are a little harder to cast, but a little more powerful. [mutagenic meat]
 10167 | D:9      | Gained mutation: You are somewhat resistant to further mutation. [mutagenic meat]
 10170 | D:9      | Gained mutation: You are agile. (Dex +2) [mutagenic meat]
 10171 | D:9      | Gained mutation: You have sharp fingernails. [mutagenic meat]
 10480 | D:9      | Noticed a two-headed ogre
 10499 | D:9      | Killed a two-headed ogre
 10649 | D:10     | Entered Level 10 of the Dungeon
 10657 | D:10     | Reached skill level 8 in Fighting
 10723 | D:10     | Reached XP level 11. HP: 94/94 MP: 10/10
 10859 | D:10     | Found a portal to a secret trove of treasure.
 10968 | D:10     | Noticed a two-headed ogre
 10975 | D:10     | Killed a two-headed ogre
 11233 | D:10     | Reached **** piety under Wu Jian
 11663 | Lair:1   | Entered Level 1 of the Lair of Beasts
 12799 | Lair:2   | Reached skill level 9 in Fighting
 12950 | Lair:2   | Reached XP level 12. HP: 102/104 MP: 9/11
 13879 | Lair:3   | Reached ***** piety under Wu Jian
 13917 | Lair:3   | Reached skill level 10 in Fighting
 14195 | Lair:3   | Noticed a death yak
 14195 | Lair:3   | Noticed a death yak
 14196 | Lair:3   | Noticed a death yak
 14196 | Lair:3   | Noticed a death yak
 14197 | Lair:3   | Noticed a death yak
 14204 | Lair:3   | Killed a death yak
 14205 | Lair:3   | Killed a death yak
 14209 | Lair:3   | Killed a death yak
 14209 | Lair:3   | Reached skill level 11 in Fighting
 14210 | Lair:3   | Killed a death yak
 14210 | Lair:3   | Killed a death yak
 14437 | Lair:3   | Paralysed by a hornet for 3 turns
 14998 | Lair:3   | Reached skill level 12 in Fighting
 15019 | Lair:3   | Found a deep blue altar of Sif Muna.
 15029 | Lair:3   | Reached XP level 13. HP: 110/118 MP: 12/12
 15188 | Lair:3   | Found a staircase to the Swamp.
 15764 | Lair:4   | Found a staircase to the Snake Pit.
 15997 | Lair:4   | Reached skill level 10 in Dodging
 16263 | Lair:4   | Reached skill level 13 in Fighting
 17320 | Lair:5   | Reached skill level 14 in Fighting
 17428 | Lair:5   | Found a viscous altar of Jiyva.
 17429 | Lair:5   | Found a staircase to the Slime Pits.
 17750 | Lair:6   | Entered Level 6 of the Lair of Beasts
 18080 | Lair:6   | Reached skill level 15 in Fighting
 18080 | Lair:6   | Reached skill level 15 in Armour
 18832 | Lair:6   | Found a large runed door.
 18833 | Lair:6   | Found a large runed door.
 18837 | Lair:6   | Noticed a fire dragon
 18866 | Lair:6   | Reached XP level 14. HP: 135/135 MP: 13/13
 19562 | Lair:6   | Noticed an azure jelly
 19562 | Lair:6   | a death yak changed into an azure jelly
 19567 | Lair:6   | Killed an azure jelly
 19567 | Lair:6   | Reached skill level 16 in Fighting
 19759 | Lair:6   | Reached skill level 10 in Throwing
 20587 | D:11     | Reached skill level 17 in Fighting
 21403 | D:12     | Reached ****** piety under Wu Jian
 21836 | D:12     | Found a staircase to the Orcish Mines.
 21848 | Orc:1    | Entered Level 1 of the Orcish Mines
 21873 | Orc:2    | Entered Level 2 of the Orcish Mines
 21873 | Orc:2    | Found a staircase to the Elven Halls.
 21877 | Orc:2    | Noticed an orc warlord
 21896 | Orc:2    | Killed an orc warlord
 21918 | Orc:2    | Found a flickering gateway to a bazaar.
 21933 | Bazaar   | Entered a bazaar
 22140 | Bazaar   | Found Xizeloiw's Jewellery Boutique.
 22158 | Bazaar   | Found Zewik's Antique Weapon Emporium.
 22175 | Bazaar   | Found Xiumputt's Book Boutique.
 22192 | Bazaar   | Found Vaduwath's Armour Shoppe.
 22214 | Bazaar   | Bought the amulet "Qeek" {+Rage rElec rPois} for 873 gold pieces
 22231 | Bazaar   | Bought a lajatang for 420 gold pieces
 22769 | Orc:2    | Found Tiunteg's Food Shoppe.
 22782 | Orc:2    | Reached skill level 18 in Fighting
 22782 | Orc:2    | Reached XP level 15. HP: 127/149 MP: 14/14
 22784 | Orc:2    | Found Weutikluat's Armour Boutique.
 23510 | Orc:2    | Found Guemp's Assorted Antiques.
 23511 | Orc:2    | Found Okagunav's Gadget Shoppe.
 23575 | Orc:2    | Bought a scroll of identify for 58 gold pieces
 23575 | Orc:2    | Identified a scroll of acquirement
 23578 | Orc:2    | Bought a scroll labeled XIOWKEL MEAJ for 29 gold pieces
 23578 | Orc:2    | Bought a fizzy green potion for 26 gold pieces
 23578 | Orc:2    | Bought a scroll labeled PIAMIG FIBYQO for 29 gold pieces
 23578 | Orc:2    | Bought a coppery potion for 26 gold pieces
 23578 | Orc:2    | Bought a coppery potion for 26 gold pieces
 23578 | Orc:2    | Bought 2 pink potions for 52 gold pieces
 23578 | Orc:2    | Bought 3 scrolls labeled UFITEWU OGASCHE for 87 gold pieces
 24327 | D:14     | Found Poleipt's Magic Scroll Shoppe.
 24340 | D:14     | Bought a scroll of identify for 30 gold pieces
 24340 | D:14     | Bought a scroll of holy word for 112 gold pieces
 24340 | D:14     | Bought a scroll of identify for 30 gold pieces
 24727 | D:14     | Found a gate to the Vaults.
 24930 | D:14     | Found a hide-covered altar of Uskayaw.
 24930 | D:14     | Noticed a sphinx
 24932 | D:14     | Found a glowing golden altar of the Shining One.
 24935 | D:14     | Killed a sphinx
 25310 | D:15     | Entered Level 15 of the Dungeon
 25324 | D:15     | Found a blossoming altar of Fedhas.
 26078 | D:15     | Found a staircase to the Depths.
 26651 | Swamp:1  | Entered Level 1 of the Swamp
 26929 | Swamp:1  | Noticed a thorn hunter
 26935 | Swamp:1  | Noticed Louise
 26939 | Swamp:1  | Killed a thorn hunter
 26956 | Swamp:1  | Killed Louise
 27784 | Swamp:2  | Reached skill level 15 in Dodging
 28443 | Swamp:2  | Reached XP level 16. HP: 157/159 MP: 15/15
 28849 | Swamp:2  | Noticed Frances
 28864 | Swamp:2  | Killed Frances
 29623 | Swamp:3  | Noticed a thorn hunter
 29652 | Swamp:3  | Killed a thorn hunter
 30022 | Swamp:3  | Reached skill level 19 in Fighting
 30419 | Swamp:3  | Noticed Jorgrun
 30435 | Swamp:3  | Killed Jorgrun
 30961 | Swamp:4  | Entered Level 4 of the Swamp
 31346 | Swamp:4  | Got a bound graven amulet
 31348 | Swamp:4  | Identified the amulet "Siptu" {Faith MR- Str+3 Dex+2} (You found it on level 4 of the Swamp)
 31441 | Swamp:4  | HP: 3/160 [death ooze (18)]
 31441 | Swamp:4  | Slain by a death ooze

Vault maps used:
D:1:      dpeg_arrival_arbitrary_b, minmay_misc_feat_doors,
          kennysheep_small_spiral, st_stairs_4
D:2:      uniq_terence
D:3:      uniq_natasha
D:4:      minmay_temple_entry_steel_oval, portal_sewer_entry_b, first_bread,
          uniq_crazy_yiuf_cottage
D:5:      serial_shops, kennysheep_mini_moat, minmay_misc_feat_roman,
          uniq_eustachio
D:6:      serial_shops, nicolae_shop_crystal, uniq_menkaure, uniq_duvessa
D:7:      serial_shops, nicolae_shop_waterfront, makhleb_blood_cavern_becter
D:8:      gammafunk_steamed_eel, minmay_lair_entry_grove
D:9:      grunt_gozag_statues, grunt_livestock, hangedman_minor_gate_pass
D:10:     enter_trove_6
D:12:     david_orc_4
D:14:     david_vaults_1, minmay_misc_feat_more_columns, serial_shops,
          nicolae_shop_crystal, jmf_multi_god_temple
D:15:     grunt_enter_depths_hoard, cheibriados_altar_1, fedhas_altar_2
Temple:   kilobyte_greek_temple
Lair:1:   small_statue_intersection, lemuel_fruit_tree,
          infiniplex_staircase_pool_2
Lair:2:   grunt_megastairs_4
Lair:3:   nicolae_swamp_entry_splash_gauntlet, basic_altar, lemuel_fruit_fields,
          grunt_megastairs_5, minmay_lair_oklob_chamber
Lair:4:   guppyfry_snake_entry_island, wad_woods_road_04
Lair:5:   slime_altar_1, beast_lair_carwin_7
Lair:6:   cheibrodos_lair_end_hotspot
Swamp:1:  hangedman_swamp_ruin_hall, nicolae_swamp_hydra_murder_den,
          infiniplex_staircase_pool, uniq_louise
Swamp:2:  nicolae_swamp_round_clearing, uniq_frances
Swamp:3:  evilmike_swamp_ruin_house_5, uniq_jorgrun
Swamp:4:  swamp_vile, swamp_pool4
Orc:1:    basic_altar
Orc:2:    st_orc_elflike, serial_shops, bzr_entry_lakeside
Bazaar:   bazaar_jpeg_circle_common
Sewer:    sewer_co_scattered_pipes

Skill      XL: |  1  2  3  4  5  6  7  8  9 10 11 12 13 14 15 16 |
---------------+-------------------------------------------------+-----
Armour         | 1 2 3 4 5 7 9 10 12 13 15 16 17 18 | 18.1
Staves         | 4 5 6 7 8 9 11 12 14 | 14.0
Fighting       | 3 4 5 6 8 9 12 15 18 19 | 19.2
Dodging        | 4 5 6 7 8 9 10 11 15 17 | 17.3
Throwing       | 3 4 5 6 7 8 9 10 11 12 | 12.3

Action                   |  1- 3 |  4- 6 |  7- 9 | 10-12 | 13-15 | 16-18 || total
-------------------------+-------+-------+-------+-------+-------+-------++-------
Melee: Quarterstaff      |    74 |   260 |   224 |   526 |  1414 |   499 ||  2997
       Headbutt          |     9 |    55 |    52 |   134 |   364 |   133 ||   747
       Blowgun           |       |       |       |       |       |     1 ||     1
 Fire: Blowgun           |       |       |       |       |       |    19 ||    19
Throw: Javelin           |       |       |     3 |     9 |    11 |     2 ||    25
       Throwing net      |       |       |       |       |       |     2 ||     2
Invok: Heavenly Storm    |       |       |       |     1 |     2 |       ||     3
  Use: Scroll            |     3 |     5 |     3 |     4 |    23 |    11 ||    49
       Potion            |     1 |     2 |     5 |     1 |       |       ||     9
 Stab: Confused          |       |       |     1 |     2 |     7 |     9 ||    19
       Paralysed         |       |       |       |     5 |    11 |     6 ||    22
       Petrifying        |       |       |       |     1 |     2 |     2 ||     5
       Held in net/web   |       |       |       |       |       |     2 ||     2
       Petrified         |       |       |       |       |       |     2 ||     2
  Eat: Chunk             |     1 |     7 |    12 |    21 |    28 |     4 ||    73
       Bread ration      |       |     1 |       |       |       |       ||     1
       Fruit             |       |       |     1 |       |       |       ||     1
       Meat ration       |       |       |       |     2 |     1 |       ||     3
       Royal jelly       |       |       |       |       |     5 |     3 ||     8
Armor: Leather armour    |     9 |       |       |       |       |       ||     9
       Scale mail        |     6 |    66 |    14 |       |       |       ||    86
       Plate armour      |       |       |    86 |   172 |   530 |   169 ||   957
Dodge: Dodged            |    40 |   119 |    84 |   171 |   604 |   201 ||  1219

Table legend:
 A = Spawn XP
 B = Non-spawn XP
 C = Spawn XP percentage of total XP
 D = Spawn monster count
 E = Non-spawn monster count
 F = Spawn count percentage of total count
 G = Total turns spent on level
                    A         B        C        D         E        F      G
               +---------+---------+-------+---------+---------+-------+---------
         Total |       0 |  192649 |   0.0 |       0 |     867 |   0.0 | 31441
               +---------+---------+-------+---------+---------+-------+---------
           D:1 |       0 |      45 |   0.0 |       0 |      27 |   0.0 |   993
           D:2 |       0 |     118 |   0.0 |       0 |      27 |   0.0 |   933
           D:3 |       0 |     176 |   0.0 |       0 |      29 |   0.0 |  1032
           D:4 |       0 |     362 |   0.0 |       0 |      31 |   0.0 |  1267
           D:5 |       0 |     357 |   0.0 |       0 |      10 |   0.0 |   719
           D:6 |       0 |    1264 |   0.0 |       0 |      22 |   0.0 |  1330
           D:7 |       0 |     991 |   0.0 |       0 |      16 |   0.0 |   855
           D:8 |       0 |    2656 |   0.0 |       0 |      29 |   0.0 |  1449
           D:9 |       0 |    4467 |   0.0 |       0 |      33 |   0.0 |  1401
          D:10 |       0 |    3828 |   0.0 |       0 |      23 |   0.0 |   984
          D:11 |       0 |    4227 |   0.0 |       0 |      42 |   0.0 |   521
          D:12 |       0 |    7125 |   0.0 |       0 |      40 |   0.0 |   876
          D:13 |       0 |    2789 |   0.0 |       0 |      12 |   0.0 |   498
          D:14 |       0 |   13412 |   0.0 |       0 |      30 |   0.0 |  1320
          D:15 |       0 |    6690 |   0.0 |       0 |      17 |   0.0 |   824
        Lair:1 |       0 |    3843 |   0.0 |       0 |      18 |   0.0 |  1120
        Lair:2 |       0 |    7037 |   0.0 |       0 |      34 |   0.0 |  1072
        Lair:3 |       0 |   14113 |   0.0 |       0 |      48 |   0.0 |  2130
        Lair:4 |       0 |    6921 |   0.0 |       0 |      25 |   0.0 |  1037
        Lair:5 |       0 |    8110 |   0.0 |       0 |      30 |   0.0 |  1695
        Lair:6 |       0 |   27892 |   0.0 |       0 |      71 |   0.0 |  1940
       Swamp:1 |       0 |   14554 |   0.0 |       0 |      30 |   0.0 |  1101
       Swamp:2 |       0 |   13999 |   0.0 |       0 |      37 |   0.0 |  1781
       Swamp:3 |       0 |   17019 |   0.0 |       0 |      39 |   0.0 |  1428
       Swamp:4 |       0 |   13657 |   0.0 |       0 |      36 |   0.0 |   480
         Orc:2 |       0 |   16942 |   0.0 |       0 |      92 |   0.0 |  1228
         Sewer |       0 |      55 |   0.0 |       0 |      19 |   0.0 |   657
               +---------+---------+-------+---------+---------+-------+---------
